Map: Blackpink LE

Players

Juxtapose

  • Race: Zerg Zerg
  • League: Gold
  • Spawn Location: 1:00

Scrubarella - Winner!

  • Race: Protoss Protoss
  • League: Gold
  • Spawn Location: 7:00

VOD

https://youtu.be/f50WbGpa2iU

Description

I haven't seen Protoss players Oracle harass since the 4.x patch released, and that cost me big in this match.

Going forward again, I'll start making a blind Spore Crawler in each mineral line against Protoss, just as I naturally make blind Spine Crawlers against Zerg.

Time

  • Played on: Nov. 23, 2017, 6:54 p.m.
  • Length: 10:58
Show
View Real Time Build Order
Export as new Build Order

Juxtapose Zerg 

Build Orders: Hatch First 

Get SALT Encoding   

  12  0:01  Drone  
  13  0:08  Drone  
  14  0:17  Overlord  
  14  0:36  Drone x2  
  16  0:53  Hatchery  
  16  0:54  Drone  
  16  1:05  Extractor  
  16  1:06  Drone  
  16  1:16  Spawning Pool  
  16  1:17  Drone  
  16  1:26  Overlord  
  16  1:31  Drone  
  17  1:33  Drone  
  18  1:42  Drone  
  19  1:57  Drone  
  20  2:03  Drone  
  20  2:06  Drone  
  22  2:10  Queen  
  22  2:14  Metabolic Boost  
  24  2:17  Zergling x4  
  26  2:24  Zergling x2  
  26  2:29  Queen  
  27  2:34  Drone  
  30  2:39  Overlord  
  30  2:40  Drone  
  31  2:56  Drone x3  
  33  3:09  Queen  
  33  3:11  Drone x3  
  38  3:17  Extractor  
  38  3:19  Roach Warren  
  36  3:23  Drone x2  
  38  3:28  Overlord  
  38  3:33  Drone x4  
  42  3:41  Drone x2  
  44  3:53  Drone x3  
  47  3:57  Evolution Chamber  
  46  4:08  Roach x3  
  52  4:10  Overlord  
  52  4:13  Lair  
  52  4:29  Roach x4  
  52  4:30  Overlord  
  60  4:37  Overlord  
  60  4:41  Extractor  
  60  4:42  Extractor  
  60  4:45  Drone x2  
  60  4:49  Zerg Ground Armor Level 1  
  60  5:02  Drone x5  
  60  5:03  Drone, Overlord  
  66  5:12  Drone  
  66  5:13  Drone x3  
  70  5:20  Roach x3  
  70  5:21  Overlord  
  76  5:26  Overseer  
  76  5:30  Overseer x2  
  76  5:41  Queen  
  78  5:47  Roach x5  
  88  5:54  Hatchery  
  82  6:15  Spore Crawler  
  82  6:17  Roach x3  
  82  6:18  Roach x5  
  78  6:19  Queen  
  71  6:43  Drone x3  
  71  6:44  Drone  
  75  6:55  Burrow  
  75  7:12  Spore Crawler  
  75  7:13  Drone x4  
  76  7:24  Ravager x2  
  68  7:34  Roach x2  
  68  7:35  Roach x3, Drone x3  
  68  7:36  Drone x2  
  69  7:59  Hydralisk Den  
  69  8:00  Drone x2  
  69  8:05  Spore Crawler  
  69  8:06  Queen  
  71  8:14  Drone x4  
  71  8:15  Drone  
  76  8:20  Zerg Missile Weapons Level 1  
  76  8:26  Drone x5  
  81  8:32  Queen  
  83  8:41  Queen  
  83  8:49  Hydralisk x4  
  83  8:50  Hydralisk x2  
  95  9:16  Overlord x2  
  95  9:44  Hatchery  
  94  9:48  Drone  
  94  9:49  Drone x3  
  98  9:59  Hydralisk x5  
  102  10:01  Overlord x3  
  64  10:34  Hydralisk x3  
Show
View Real Time Build Order
Export as new Build Order

Scrubarella Protoss - Winner!

Build Orders: 1 Gate Expand, Oracle Opening 

Get SALT Encoding   

  12  0:01  Probe  
  13  0:18  Pylon, Probe  
  14  0:30  Probe  
  14  0:34  Assimilator  
  15  0:42  Probe  
  16  0:52  Gateway  
  16  0:54  Probe  
  17  1:06  Probe  
  18  1:18  Probe  
  19  1:30  Probe  
  19  1:31  Nexus  
  20  1:39  Cybernetics Core  
  20  1:44  Probe  
  21  1:48  Assimilator  
  21  1:54  Pylon  
  21  1:57  Probe  
  22  2:09  Probe  
  23  2:17  Gateway, Warp Gate (Chrono Boost)  
  23  2:20  Adept  
  25  2:28  Probe  
  26  2:40  Probe  
  27  2:49  Pylon  
  27  3:00  Stargate  
  27  3:03  Gateway  
  27  3:05  Gateway, Probe  
  27  3:07  Probe  
  29  3:19  Probe  
  30  3:26  Pylon  
  30  3:34  Probe x2  
  32  3:45  Oracle (Chrono Boost)  
  35  3:50  Zealot x2  
  35  3:54  Probe x2  
  41  3:58  Assimilator  
  41  4:10  Oracle (Chrono Boost), Pylon  
  41  4:12  Pylon  
  44  4:18  Probe  
  44  4:19  Probe  
  44  4:20  Zealot  
  48  4:44  Adept  
  48  4:45  Adept  
  55  4:46  Stalker, Oracle (Chrono Boost)  
  55  4:48  Stalker  
  59  4:53  Probe x2  
  61  5:08  Probe x2  
  61  5:10  Robotics Facility  
  61  5:13  Assimilator  
  63  5:16  Adept  
  63  5:17  Zealot, Pylon, Adept  
  63  5:19  Zealot  
  71  5:29  Probe x2  
  73  5:40  Void Ray (Chrono Boost)  
  77  6:13  Void Ray  
  73  6:19  Stalker x3  
  73  6:20  Stalker  
  76  6:45  Stalker x3  
  76  6:46  Stalker  
  81  6:55  Probe x2  
  81  6:59  Pylon  
  83  7:07  Probe x2  
  85  7:17  Void Ray  
  79  7:33  Stalker x3  
  79  7:35  Stalker  
  67  7:57  Stalker x2  
  67  7:58  Stalker  
  73  7:59  Stalker  
  75  8:09  Gateway, Void Ray  
  75  8:10  Gateway  
  75  8:12  Gateway  
  79  8:30  Nexus  
  79  8:34  Assimilator, Pylon  
  79  8:35  Pylon  
  79  8:39  Assimilator, Immortal  
  80  8:52  Void Ray  
  82  9:10  Probe x2  
  82  9:13  Stalker  
  82  9:14  Stalker  
  82  9:15  Stalker x2  
  82  9:16  Stalker  
  94  9:17  Stalker x2  
  94  9:19  Immortal (Chrono Boost)  
  102  9:41  Void Ray  
  106  9:55  Robotics Facility, Robotics Bay  
  106  10:00  Stargate  
  84  10:26  Stalker  
  84  10:27  Stalker x5  
  84  10:28  Stalker  
Tags
 
Add a new tag
Caveats
  • Supply blocks, unpowered buildings, or Contaminate may cause inaccurate times.
  • Supply counts are checked every 10 seconds.